 Dungeon Crawl Stone Soup version 0.21-a0-400-g417d9d2 (webtiles) character file.

1380 sagitran the Slasher (level 8, 0/54 HPs)
             Began as a Demonspawn Gladiator on Oct 20, 2017.
             Was an Initiate of Qazlal.
             Slain by a wight
             ... wielding a +5 mace
              (6 damage)
             ... on level 7 of the Dungeon.
             The game lasted 00:29:07 (6231 turns).

sagitran the Slasher (Demonspawn Gladiator)         Turns: 6231, Time: 00:29:07

Health: 0/54       AC:  4    Str: 18 (22) XL:     8   Next: 39%
Magic:  0/8        EV: 10    Int:  8 (9)  God:    Qazlal [......]
Gold:   327        SH:  0    Dex: 15 (20) Spells: 7/7 levels left

rFire    . . .     SeeInvis .   a - +0 long sword
rCold    + . .     Gourm    .   (no shield)
rNeg     . . .     Faith    .   e - +0 scale mail
rPois    .         Spirit   +   c - +0 helmet
rElec    .         Reflect  .   (no cloak)
rCorr    .         Harm     .   (no gloves)
MR       .....                  (no boots)
Stlth    ..........             v - amulet of guardian spirit
HPRegen  0.18/turn              w - ring of protection from cold
MPRegen  0.11/turn              y - +5 ring of dexterity

@: mighty, heavily drained
A: talons 1, deformed body, deterioration 1, frail 1, foul stench 2, mutation
resistance 1, rot immunity
a: Renounce Religion


You were on level 7 of the Dungeon.
You worshipped Qazlal.
Qazlal was noncommittal.
You were not hungry.

You visited 2 branches of the dungeon, and saw 8 of its levels.

You collected 327 gold pieces.

Inventory:

Hand Weapons
 a - a +0 long sword (weapon)
Armour
 b - a +0 leather armour
 c - a +0 helmet (worn)
 e - a +0 scale mail (worn)
Magical Staves
 f - an uncursed staff of poison
Jewellery
 r - an uncursed amulet of faith
 v - an amulet of guardian spirit (around neck)
 w - a ring of protection from cold (left hand)
 y - a +5 ring of dexterity (right hand)
 E - an uncursed ring of protection from cold
 L - an uncursed ring of poison resistance {unknown}
Scrolls
 l - a scroll of amnesia {unknown}
 m - a scroll of identify
 o - a scroll of teleportation
 s - a scroll of noise {unknown}
 t - 3 scrolls of remove curse {unknown}
 x - 3 scrolls of recharging {unknown}
 C - a scroll of magic mapping {unknown}
 F - 3 scrolls of immolation {unknown}
 I - a scroll of enchant armour {unknown}
Potions
 h - a potion of curing
 D - a potion of flight
Comestibles
 u - 2 royal jellies
 B - 3 meat rations
 G - 2 bread rations
 J - 4 fruits


   Skills:
 + Level 4.0(1.6) Fighting
 + Level 6.6(4.1) Long Blades
 + Level 2.6(0.4) Throwing
 + Level 5.0(2.6) Armour
 + Level 3.8(1.5) Dodging
 + Level 1.3(0.0) Stealth


You had 7 spell levels left.
You didn't know any spells.

Dungeon Overview and Level Annotations

Branches:
Dungeon (7/15)             Temple (1/1) D:5

Altars:
Ashenzari
Cheibriados
Dithmenos
Elyvilon
Fedhas
Hepliaklqana
Kikubaaqudgha
Nemelex Xobeh
Okawaru
Qazlal
Ru
Sif Muna
Vehumet
Wu Jian
Xom
Yredelemnul
Zin
The Shining One

Shops:
D:6 ?   D:7 =

Annotations:
D:7 Dowan, Duvessa


Innate Abilities, Weirdness & Mutations

You have sharp toenails.
You frequently emit foul miasma when damaged in melee.
You are immune to rotting.
Armour fits poorly on your strangely shaped body.
Your body sometimes deteriorates upon taking damage.
You are frail. (-10% HP)
You are somewhat resistant to further mutation.


Message History

The wight hits you but does no damage.
The wight hits you with an enchanted mace!
You feel drained.
* * * LOW HITPOINT WARNING * * *
You feel better.
The wight hits you from afar with an enchanted halberd.
You feel drained.
You feel very mighty all of a sudden.
The wight hits you with an enchanted mace.
* * * LOW HITPOINT WARNING * * *
Your body deteriorates!
You feel weakened.
You feel drained.
* * * LOW HITPOINT WARNING * * *
The wight hits you from afar with an enchanted halberd.
* * * LOW HITPOINT WARNING * * *
It was a potion of degeneration.
There was something very wrong with that liquid.
You feel weakened.
You feel dopey.
You feel clumsy.
The wight hits you with an enchanted mace.
You die...

##########
#..@zzz..#
#..#####.#
#..##≈##.#
#..#≈≈≈#.#
#..##;##.#
##########..#####z#
............(.##..#
######)###......##
#.# ##z#####


You could see 3 wights.

Vanquished Creatures
  Joseph (D:7)
  The ghost of Kavrick the Purveyor of Pain, an amateur DsNe of Kikubaaqudgha (D:5)
  An ice beast (D:5)
  An ogre (D:6)
  A wyvern zombie (D:3)
  A scorpion (D:5)
  A wight (D:7)
  A crimson imp (D:5)
  An orc priest (D:4)
  A jelly (D:5)
  2 orc wizards
  A bullfrog skeleton (D:6)
  Jessica (D:2)
  An iguana (D:5)
  6 worker ants
  A hound zombie (D:7)
  A hound skeleton (D:4)
  8 adders
  A shadow imp (D:2)
  An ooze (D:4)
  An adder zombie (D:5)
  A worm (D:2)
  4 dart slugs
  4 leopard geckos
  4 orcs
  3 ball pythons
  8 giant cockroaches
  7 goblins
  6 hobgoblins
  9 jackals
  7 kobolds
  3 quokkas
  3 bats
  2 frilled lizards (D:2)
  A leopard gecko skeleton (D:4)
  4 rats
100 creatures vanquished.

Notes
Turn   | Place    | Note
-------+----------+-------------------------------------------
     0 | D:1      | sagitran the Demonspawn Gladiator began the quest for the Orb.
     0 | D:1      | Reached XP level 1. HP: 16/16 MP: 1/1
    97 | D:1      | Reached skill level 3 in Long Blades
    97 | D:1      | Gained mutation: You have sharp toenails. [demonic ancestry]
    97 | D:1      | Reached XP level 2. HP: 20/22 MP: 2/2
   955 | D:2      | Found a faded altar of an unknown god.
  1024 | D:2      | Gained mutation: You are immune to rotting. [demonic ancestry]
  1024 | D:2      | Reached XP level 3. HP: 10/27 MP: 3/3
  1402 | D:2      | Reached XP level 4. HP: 27/33 MP: 4/4
  1469 | D:2      | Noticed Jessica
  1478 | D:2      | Killed Jessica
  1941 | D:2      | Found a transporter.
  1950 | D:2      | Found a transporter.
  1958 | D:2      | Found a sacrificial altar of Ru.
  2117 | D:2      | Reached skill level 1 in Armour
  2370 | D:3      | Found a blossoming altar of Fedhas.
  2517 | D:3      | Reached skill level 4 in Long Blades
  2517 | D:3      | Reached XP level 5. HP: 39/39 MP: 5/5
  3171 | D:4      | Gained mutation: Your spells are a little harder to cast, but a little more powerful. [potion of mutation]
  3171 | D:4      | Lost mutation: Your spells are a little harder to cast, but a little more powerful. [potion of mutation]
  3171 | D:4      | Gained mutation: You have a pair of small horns on your head. [potion of mutation]
  3171 | D:4      | Gained mutation: You are agile. (Dex +2) [potion of mutation]
  3174 | D:4      | Reached XP level 6. HP: 23/46 MP: 3/6
  3348 | D:4      | Lost mutation: You are agile. (Dex +2) [potion of mutation]
  3348 | D:4      | Lost mutation: You have a pair of small horns on your head. [potion of mutation]
  3348 | D:4      | Gained mutation: Armour fits poorly on your strangely shaped body. [potion of mutation]
  3348 | D:4      | Gained mutation: You are frail. (-10% HP) [potion of mutation]
  3348 | D:4      | Gained mutation: Your body sometimes deteriorates upon taking damage. [potion of mutation]
  3348 | D:4      | Gained mutation: You are somewhat resistant to further mutation. [potion of mutation]
  4354 | D:5      | Entered Level 5 of the Dungeon
  4373 | D:5      | Noticed Kavrick's ghost (amateur DsNe)
  4605 | D:5      | Found a basalt altar of Yredelemnul.
  4650 | D:5      | Reached skill level 5 in Long Blades
  4677 | D:5      | Noticed an ice beast
  4695 | D:5      | Killed an ice beast
  4695 | D:5      | Gained mutation: You may emit foul miasma when damaged in melee. [demonic ancestry]
  4695 | D:5      | Reached XP level 7. HP: 22/46 MP: 3/7
  5012 | D:5      | Found an iron altar of Okawaru.
  5014 | D:5      | Found a sparkling altar of Nemelex Xobeh.
  5014 | D:5      | Found a glowing golden altar of the Shining One.
  5016 | D:5      | Found a deep blue altar of Sif Muna.
  5016 | D:5      | Found a shimmering altar of Xom.
  5016 | D:5      | Found a blossoming altar of Fedhas.
  5097 | D:5      | Found a staircase to the Ecumenical Temple.
  5164 | Temple   | Entered the Ecumenical Temple
  5211 | Temple   | Became a worshipper of Qazlal Stormbringer
  5379 | D:5      | Killed Kavrick's ghost
  5712 | D:6      | Found Wimaor's Magic Scroll Shop.
  5726 | D:6      | Reached skill level 6 in Long Blades
  5747 | D:6      | Reached skill level 1 in Stealth
  5769 | D:6      | Gained mutation: You frequently emit foul miasma when damaged in melee. [demonic ancestry]
  5769 | D:6      | Reached XP level 8. HP: 49/54 MP: 8/8
  5960 | D:6      | Found a sparkling altar of Nemelex Xobeh.
  6015 | D:7      | Found Wigekh's Jewellery Emporium.
  6022 | D:7      | Noticed Duvessa
  6023 | D:7      | Noticed Dowan
  6072 | D:7      | Noticed Joseph
  6087 | D:7      | Killed Joseph
  6087 | D:7      | Reached skill level 5 in Armour
  6231 | D:7      | Slain by a wight

Vault maps used:
D:1:      dpeg_chamrin_arrival_tetris, roderic_lattice_a
D:2:      gammafunk_temple_overflow_arena, chequers_ecumenical_altar_simple,
          uniq_jessica
D:3:      lemuel_round_altar
D:4:      st_stairs_8
D:5:      kennysheep_mini_moat, minmay_temple_entry_nine_rooms, first_bread,
          kennysheep_diamond, minivault_23, doesnt_xom_only_xom
D:6:      nemelex_xobeh_ov_fountains_minmay, serial_shops, shop
D:7:      kennysheep_mini, serial_aquarium, aquarium_bridge_straight,
          aquarium_window_3, aquarium_window_corner, aquarium_window_1,
          aquarium_view_2c, aquarium_view_2c, serial_shops, shop, uniq_duvessa,
          uniq_joseph
Temple:   minmay_temple_bridge_abc

Skill      XL: |  1  2  3  4  5  6  7  8 |
---------------+-------------------------+-----
Long Blades    | 3 4 5 6 |  6.6
Throwing       | 2 |  2.6
Dodging        | 3 |  3.8
Armour         | 1 2 3 4 5 |  5.0
Fighting       | 3 4 |  4.0
Stealth        | 1 |  1.3

Action                   |  1- 3 |  4- 6 |  7- 9 || total
-------------------------+-------+-------+-------++-------
Melee: Long sword        |    82 |   165 |    78 ||   325
       Kick              |    17 |    78 |    34 ||   129
       Headbutt          |       |     2 |       ||     2
Throw: Throwing net      |     2 |       |     2 ||     4
       Tomahawk          |       |       |    12 ||    12
  Use: Scroll            |       |     2 |       ||     2
       Potion            |       |     3 |    16 ||    19
 Stab: Held in net/web   |     1 |       |     1 ||     2
  Eat: Chunk             |     2 |     8 |     2 ||    12
       Fruit             |       |     1 |       ||     1
       Bread ration      |       |     1 |       ||     1
Armor: Scale mail        |    41 |    79 |    11 ||   131
       Skin              |       |       |    22 ||    22
Dodge: Dodged            |    47 |   148 |    38 ||   233
       Rpst.: Long sword |    13 |    52 |     7 ||    72

Table legend:
 A = Spawn XP
 B = Non-spawn XP
 C = Spawn XP percentage of total XP
 D = Spawn monster count
 E = Non-spawn monster count
 F = Spawn count percentage of total count
 G = Total turns spent on level
                    A         B        C        D         E        F      G
               +---------+---------+-------+---------+---------+-------+---------
         Total |       0 |    1972 |   0.0 |       0 |     100 |   0.0 |  6231
               +---------+---------+-------+---------+---------+-------+---------
           D:1 |       0 |      28 |   0.0 |       0 |      14 |   0.0 |   955
           D:2 |       0 |     140 |   0.0 |       0 |      24 |   0.0 |  1275
           D:3 |       0 |     131 |   0.0 |       0 |      22 |   0.0 |   791
           D:4 |       0 |     304 |   0.0 |       0 |      21 |   0.0 |  1489
           D:5 |       0 |     665 |   0.0 |       0 |      13 |   0.0 |  1129
           D:6 |       0 |     188 |   0.0 |       0 |       3 |   0.0 |   324
           D:7 |       0 |     516 |   0.0 |       0 |       3 |   0.0 |   201
               +---------+---------+-------+---------+---------+-------+---------
